 Dungeon Crawl Stone Soup version bcrawl-1.14 (webtiles) character file.

Game seed: 12916737166317086633

55 Revguard the Ducker (level 3, 0/27 HPs)
             Began as a Demonspawn Archaeologist on Sept 6, 2019.
             Slain by Robin
             ... wielding a +0 spear
              (5 damage)
             ... on level 2 of the Dungeon.
             The game lasted 00:04:23 (1572 turns).

Revguard the Ducker (Demonspawn Archaeologist)      Turns: 1572, Time: 00:04:23

Health: 0/27       AC:  8    Str: 11    XL:     3   Next: 67%
Magic:  3/3        EV: 11    Int: 15    God:
Gold:   86         SH:  0    Dex: 12    Spells: 2/2 levels left

rFire    + . .     SeeInvis .   a - +0 whip
rCold    . . .     Gourm    .   (no shield)
rNeg     . . .     Faith    .   h - +0 ring mail
rPois    .         Spirit   .   c - +1 hat
rElec    .         Reflect  .   (no cloak)
rCorr    .         Harm     .   (no gloves)
MR       .....                  d - +1 pair of boots
Stlth    ++........             j - amulet of the acrobat
HPRegen  0.09/turn              l - ring of protection from fire
MPRegen  0.08/turn              (no ring)

@: studying Crossbows
A: foul stench 1, rot immunity
a: no special abilities


You were on level 2 of the Dungeon.
You were not hungry.

You visited 1 branch of the dungeon, and saw 2 of its levels.

You collected 86 gold pieces.

Inventory:

Hand Weapons
 a - a +0 whip (weapon)
Missiles
 i - 157 bolts
Armour
 b - a +1 robe
 c - a +1 hat (worn)
 d - a +1 pair of boots (worn)
 h - a +0 ring mail (worn)
Jewellery
 j - an amulet of the acrobat (around neck)
 l - a ring of protection from fire (left hand)
Scrolls
 n - a scroll of remove curse {unknown}
 o - a scroll of magic mapping {unknown}
 p - 2 scrolls of enchant weapon {unknown}
Books
 e - a manual of Crossbows
Miscellaneous
 f - an ancient crate
Comestibles
 g - 2 rations {!d}
 m - 3 chunks of flesh


   Skills:
 * Level 2.0 Fighting
 + Level 1.2 Maces & Flails
 * Level 0.6 Crossbows
 + Level 0.5 Armour
 + Level 3.5 Dodging
 * Level 3.1 Stealth


You had 2 spell levels left.
You didn't know any spells.
Your spell library was empty.

Dungeon Overview and Level Annotations

Branches:
Dungeon (2/12)

Altars:

Annotations:
D:2 Robin


Innate Abilities, Weirdness & Mutations

You may emit foul miasma when damaged in melee.
You are immune to rotting.


Message History

You hit Robin but do no damage. Robin hits you but does no damage.
You barely miss Robin. Robin hits you but does no damage.
You hit Robin.
Robin is lightly wounded.
Robin closely misses you.
Evoke which item? (* to show all) (? for menu, Esc to quit)
Okay, then.
You hit Robin.
Robin is lightly wounded.
Robin hits you but does no damage.
You hit Robin.
Robin is moderately wounded.
Robin hits you but does no damage.
You hit Robin.
Robin is moderately wounded.
Robin closely misses you.
You barely miss Robin.
Robin is moderately wounded.
Robin hits you with a +0 spear.
You die...

##.#...#.###.
#<...........
#..#####.#...
#..#####.#.##
#...........g
.........#.## #+#
##.########.# #.#
.........#g# #@#
#.#........## ### #g#
............. #...#.#
#.##.##.#.... #...#.#
#.##.##.#....
#...#.####.##.##.#.###
#.............#.......
#..................##.
#...#.#...............
#.....'....####..####.


You could see Robin.

Vanquished Creatures
  A worm (D:1)
  A leopard gecko (D:2)
  2 ball pythons (D:1)
  5 bats
  4 giant cockroaches
  12 goblins
  9 hobgoblins
  2 frilled lizards (D:1)
  2 kobolds (D:1)
  6 rats
44 creatures vanquished.

Notes
Turn   | Place    | Note
-------+----------+-------------------------------------------
     0 | D:1      | Revguard the Demonspawn Archaeologist began the quest for
                  | the Orb.
     0 | D:1      | Reached XP level 1. HP: 15/15 MP: 1/1
   314 | D:1      | Gained mutation: You are immune to rotting. [demonic
                  | ancestry]
   314 | D:1      | Reached XP level 2. HP: 21/21 MP: 2/2
   553 | D:1      | Reached skill level 1 in Maces & Flails
   775 | D:1      | Gained mutation: You may emit foul miasma when damaged in
                  | melee. [demonic ancestry]
   775 | D:1      | Reached XP level 3. HP: 11/27 MP: 3/3
  1404 | D:2      | Noticed Robin
  1572 | D:2      | Slain by Robin

Skill      XL: |  1  2  3 |
---------------+----------+-----
Dodging        | 3 |  3.5
Maces & Flails | 1 |  1.2
Fighting       | 2 |  2.0
Crossbows      | |  0.6
Armour         | |  0.5
Stealth        | |  3.1

Action                   || total
-------------------------++-------
Melee: Whip              ||   230
  Use: Potion            ||     2
 Stab: Sleeping          ||     1
  Eat: Chunk             ||     2
Armor: Ring mail         ||   127
Dodge: Dodged            ||   225
